TOP OF THE 1ST |
Clemson Tigers batting - Pitching for Oregon Ducks : LHP Homer Bryan
|
Pitching: LHP Homer Bryan
|
|
Batting: RHB Wayne Scott
|
0-0: Swinging Strike 0-1: Ball 1-1: Ball 2-1: Ball 3-1: Ground out 1-3 (Groundball, 13S)
|
Batting: SHB Kenneth Cruz
|
0-0: Ball 1-0: Swinging Strike 1-1: SINGLE (Groundball, 56S)
|
Batting: LHB Wally Harris
|
0-0: Called Strike 0-1: Fly out, F5 (Popup, 56)
|
Batting: LHB Jeff Thompson
|
0-0: Ball 1-0: Fly out, F4 (Popup, 4)
|
Top of the 1st over - 0 run(s), 1 hit(s), 0 error(s), 1 left on base; Clemson 0 - Oregon 0 |
BOTTOM OF THE 1ST |
Oregon Ducks batting - Pitching for Clemson Tigers : RHP Jaime De Los Santos
|
Pitching: RHP Jaime De Los Santos
|
|
Batting: RHB Kris Ballard
|
0-0: Ball 1-0: Called Strike 1-1: Ball 2-1: Ball 3-1: Base on Balls
|
Batting: RHB Nate Trevino
|
0-0: Ball 1-0: Called Strike 1-1: Swinging Strike 1-2: Strikes out swinging
|
Batting: RHB Bob Levinson
|
0-0: Called Strike 0-1: Ball 1-1: Ball 2-1: Grounds into double play, 4-6-3 (Groundball, 4)
|
Bottom of the 1st over - 0 run(s), 0 hit(s), 0 error(s), 0 left on base; Clemson 0 - Oregon 0 |
TOP OF THE 2ND |
Clemson Tigers batting - Pitching for Oregon Ducks : LHP Homer Bryan
|
Batting: LHB Peter Puckett
|
0-0: Swinging Strike 0-1: Called Strike 0-2: Fly out, F9 (Popup, 9M)
|
Batting: LHB Frank Vázquez
|
0-0: Called Strike 0-1: Ball 1-1: Ground out 6-3 (Groundball, 6)
|
Batting: RHB Julián García
|
0-0: Ball 1-0: Ball 2-0: Ball 3-0: Called Strike 3-1: Base on Balls
|
Batting: RHB James Taylor
|
0-0: Ball 1-0: Ball 2-0: Called Strike 2-1: Foul Ball, location: 2F 2-2: Strikes out swinging
|
Top of the 2nd over - 0 run(s), 0 hit(s), 0 error(s), 1 left on base; Clemson 0 - Oregon 0 |
BOTTOM OF THE 2ND |
Oregon Ducks batting - Pitching for Clemson Tigers : RHP Jaime De Los Santos
|
Batting: RHB Raúl González
|
0-0: Ball 1-0: Ground out 6-3 (Groundball, 6)
|
Batting: LHB Justin McCoy
|
0-0: Ball 1-0: Ball 2-0: Called Strike 2-1: Called Strike 2-2: Ball 3-2: Foul Ball, location: 2F 3-2: Strikes out swinging
|
Batting: LHB Bill Stephenson
|
0-0: Called Strike 0-1: Called Strike 0-2: SINGLE (Groundball, 4S) (infield hit)
|
Batting: RHB José Rosales
|
0-0: Called Strike Bill Stephenson is caught stealing 2nd base
|
Bottom of the 2nd over - 0 run(s), 1 hit(s), 0 error(s), 0 left on base; Clemson 0 - Oregon 0 |
TOP OF THE 3RD |
Clemson Tigers batting - Pitching for Oregon Ducks : LHP Homer Bryan
|
Batting: LHB Aaron Thompson
|
Reached via error on a dropped throw, E3
|
Batting: RHB Wayne Scott
|
0-0: Ball 1-0: Ball 2-0: Ball 3-0: Called Strike 3-1: Called Strike 3-2: Base on Balls Aaron Thompson to second
|
Batting: SHB Kenneth Cruz
|
0-0: Ball 1-0: Foul Ball, location: 2F 1-1: Foul Ball, location: 2F 1-2: Ball 2-2: Fly out, F7 (Line Drive, 7M)
|
Batting: LHB Wally Harris
|
0-0: Called Strike 0-1: Ball 1-1: Swinging Strike 1-2: SINGLE (Line Drive, 78S) Aaron Thompson to third Wayne Scott to second
|
Batting: LHB Jeff Thompson
|
0-0: Grounds into double play, 6-4-3 (Groundball, 6)
|
Top of the 3rd over - 0 run(s), 1 hit(s), 1 error(s), 2 left on base; Clemson 0 - Oregon 0 |
BOTTOM OF THE 3RD |
Oregon Ducks batting - Pitching for Clemson Tigers : RHP Jaime De Los Santos
|
Batting: RHB José Rosales
|
0-0: Ball 1-0: Called Strike 1-1: SINGLE (Groundball, 13S) (infield hit)
|
Batting: RHB William Ewing
|
0-0: Ball Pickoff Throw to First - Error! E1 José Rosales to second 1-0: DOUBLE (Flyball, 9M) José Rosales scores
|
Batting: RHB Jason Wheeler
|
0-0: Swinging Strike 0-1: Fly out, F9 (Flyball, 9LM)
|
Batting: RHB Kris Ballard
|
0-0: Fly out, F9 (Line Drive, 9M)
|
Batting: RHB Nate Trevino
|
0-0: Ball 1-0: Ball 2-0: Called Strike 2-1: Swinging Strike 2-2: Ball 3-2: Foul Ball, location: 2F 3-2: Base on Balls
|
Batting: RHB Bob Levinson
|
0-0: Ball 1-0: Ball 2-0: Ball 3-0: Called Strike 3-1: Base on Balls William Ewing to third Nate Trevino to second
|
Batting: RHB Raúl González
|
0-0: Called Strike 0-1: Swinging Strike 0-2: Strikes out swinging
|
Bottom of the 3rd over - 1 run(s), 2 hit(s), 1 error(s), 3 left on base; Clemson 0 - Oregon 1 |
TOP OF THE 4TH |
Clemson Tigers batting - Pitching for Oregon Ducks : LHP Homer Bryan
|
Batting: LHB Peter Puckett
|
0-0: Ball 1-0: Ball 2-0: Ball 3-0: Called Strike 3-1: Called Strike 3-2: Foul Ball, location: 2F 3-2: Fly out, F8 (Flyball, 78XD)
|
Batting: LHB Frank Vázquez
|
0-0: Ball 1-0: Swinging Strike 1-1: Fly out, F4 (Popup, 4)
|
Batting: RHB Julián García
|
0-0: Ball 1-0: Foul Ball, location: 2F 1-1: Ball 2-1: Ground out 6-3 (Groundball, 6)
|
Top of the 4th over - 0 run(s), 0 hit(s), 0 error(s), 0 left on base; Clemson 0 - Oregon 1 |
BOTTOM OF THE 4TH |
Oregon Ducks batting - Pitching for Clemson Tigers : RHP Jaime De Los Santos
|
Batting: LHB Justin McCoy
|
0-0: Ball 1-0: Called Strike 1-1: Ball 2-1: Foul Ball, location: 2F 2-2: Foul Ball, location: 2F 2-2: Foul Ball, location: 2F 2-2: Strikes out swinging
|
Batting: LHB Bill Stephenson
|
0-0: Called Strike 0-1: Swinging Strike 0-2: Fly out, F7 (Line Drive, 78M)
|
Batting: RHB José Rosales
|
0-0: Foul Ball, location: 2F 0-1: Ball 1-1: Swinging Strike 1-2: Ball 2-2: Strikes out swinging
|
Bottom of the 4th over - 0 run(s), 0 hit(s), 0 error(s), 0 left on base; Clemson 0 - Oregon 1 |
TOP OF THE 5TH |
Clemson Tigers batting - Pitching for Oregon Ducks : LHP Homer Bryan
|
Batting: RHB James Taylor
|
0-0: Ball 1-0: Ball 2-0: Ball 3-0: Base on Balls
|
Batting: LHB Aaron Thompson
|
0-0: Ball 1-0: Swinging Strike 1-1: Ball 2-1: Ball 3-1: Base on Balls James Taylor to second
|
Batting: RHB Wayne Scott
|
0-0: Fielders Choice at 2nd, 6-4 (Groundball, 6) James Taylor to third
|
Batting: SHB Kenneth Cruz
|
0-0: Ball 1-0: Ball 2-0: Ball 3-0: Called Strike 3-1: Fly out, F7 (Flyball, 7M)
|
Batting: LHB Wally Harris
|
0-0: Ball 1-0: Foul Ball, location: 2F 1-1: Swinging Strike 1-2: Ball 2-2: Ball 3-2: Foul Ball, location: 2F 3-2: Strikes out looking
|
Top of the 5th over - 0 run(s), 0 hit(s), 0 error(s), 2 left on base; Clemson 0 - Oregon 1 |
BOTTOM OF THE 5TH |
Oregon Ducks batting - Pitching for Clemson Tigers : RHP Jaime De Los Santos
|
Batting: RHB William Ewing
|
0-0: Called Strike 0-1: Ball 1-1: Ball 2-1: Fly out, F8 (Flyball, 8RM)
|
Batting: RHB Jason Wheeler
|
0-0: Ground out 4-3 (Groundball, 4M)
|
Batting: RHB Kris Ballard
|
0-0: Ball 1-0: Ball 2-0: Called Strike 2-1: Ball 3-1: Foul Ball, location: 2F 3-2: Strikes out swinging
|
Bottom of the 5th over - 0 run(s), 0 hit(s), 0 error(s), 0 left on base; Clemson 0 - Oregon 1 |
TOP OF THE 6TH |
Clemson Tigers batting - Pitching for Oregon Ducks : LHP Homer Bryan
|
Pitching: RHP Nelson Dixon
|
|
Batting: LHB Jeff Thompson
|
0-0: Ball 1-0: Ball 2-0: Ball 3-0: Called Strike 3-1: Called Strike 3-2: Ground out 4-3 (Groundball, 4)
|
Batting: LHB Peter Puckett
|
0-0: Foul Ball, location: 2F 0-1: Swinging Strike 0-2: Strikes out swinging
|
Batting: LHB Frank Vázquez
|
0-0: Ball 1-0: Swinging Strike 1-1: Foul Ball, location: 2F 1-2: Strikes out swinging
|
Top of the 6th over - 0 run(s), 0 hit(s), 0 error(s), 0 left on base; Clemson 0 - Oregon 1 |
BOTTOM OF THE 6TH |
Oregon Ducks batting - Pitching for Clemson Tigers : RHP Jaime De Los Santos
|
Batting: RHB Nate Trevino
|
0-0: Ball 1-0: Called Strike 1-1: Foul Ball, location: 2F 1-2: Ball 2-2: Ball 3-2: Foul Ball, location: 2F 3-2: Strikes out looking
|
Pitching: LHP Kevin Webb
|
|
Batting: RHB Bob Levinson
|
0-0: Fly out, F4 (Line Drive, 4)
|
Batting: RHB Raúl González
|
0-0: Called Strike 0-1: Foul Ball, location: 2F 0-2: Strikes out swinging
|
Bottom of the 6th over - 0 run(s), 0 hit(s), 0 error(s), 0 left on base; Clemson 0 - Oregon 1 |
TOP OF THE 7TH |
Clemson Tigers batting - Pitching for Oregon Ducks : RHP Nelson Dixon
|
Batting: RHB Julián García
|
0-0: Called Strike 0-1: Ball 1-1: Ball 2-1: Swinging Strike 2-2: Foul Ball, location: 2F 2-2: Ball 3-2: Foul Ball, location: 2F 3-2: Foul Ball, location: 2F 3-2: Foul Ball, location: 2F 3-2: Base on Balls
|
Batting: RHB James Taylor
|
0-0: Ball 1-0: Sac Bunt - play at first, batter OUT! 1-4 Julián García to second
|
Batting: LHB Aaron Thompson
|
0-0: Ball Julián García is caught stealing 3rd base 1-0: Ball 2-0: Foul Ball, location: 2F 2-1: Foul Ball, location: 2F 2-2: Fly out, F8 (Flyball, 8LD)
|
Top of the 7th over - 0 run(s), 0 hit(s), 0 error(s), 0 left on base; Clemson 0 - Oregon 1 |
BOTTOM OF THE 7TH |
Oregon Ducks batting - Pitching for Clemson Tigers : LHP Kevin Webb
|
Batting: LHB Justin McCoy
|
0-0: Called Strike 0-1: Ball 1-1: Called Strike 1-2: Foul Ball, location: 2F 1-2: Foul Ball, location: 2F 1-2: Strikes out swinging
|
Batting: LHB Bill Stephenson
|
0-0: Called Strike 0-1: Called Strike 0-2: Foul Ball, location: 2F 0-2: Ball 1-2: Ball 2-2: Foul Ball, location: 2F 2-2: Ball 3-2: Base on Balls
|
Batting: RHB José Rosales
|
0-0: Ball 1-0: Ball Bill Stephenson steals 2nd base 2-0: Intentional Walk
|
Pinch Hitting: LHB Francisco Romo
|
0-0: Ball Bill Stephenson steals 3rd base José Rosales to second 1-0: Intentional Walk
|
Batting: RHB Jason Wheeler
|
0-0: Swinging Strike 0-1: Called Strike 0-2: Strikes out swinging
|
Batting: RHB Kris Ballard
|
0-0: Ball 1-0: Called Strike 1-1: Called Strike 1-2: Ball 2-2: Foul Ball, location: 2F 2-2: Strikes out swinging
|
Bottom of the 7th over - 0 run(s), 0 hit(s), 0 error(s), 3 left on base; Clemson 0 - Oregon 1 |
TOP OF THE 8TH |
Clemson Tigers batting - Pitching for Oregon Ducks : RHP Nelson Dixon
|
Pitching: LHP Phil Sims
|
|
Now at SS: José Vargas
|
|
Now in LF: Jerry Harris
|
|
Batting: RHB Wayne Scott
|
0-0: Ball 1-0: Ball 2-0: Fly out, F4 (Popup, 4MD)
|
Pitching: RHP George Pierce
|
|
Batting: SHB Kenneth Cruz
|
0-0: Called Strike 0-1: Ball 1-1: Ball 2-1: SINGLE (Line Drive, 7S)
|
Pitching: LHP Kevin Oliver
|
|
Batting: LHB Wally Harris
|
0-0: Ball 1-0: Called Strike 1-1: SINGLE (Line Drive, 56D) Kenneth Cruz to second
|
Batting: LHB Jeff Thompson
|
0-0: Called Strike 0-1: Swinging Strike 0-2: Foul Ball, location: 2F 0-2: Ball 1-2: Foul Ball, location: 2F 1-2: SINGLE (Groundball, 34D) Kenneth Cruz to third Wally Harris to second Runner from 3rd tries for Home, SAFE, throw made home
|
Batting: LHB Peter Puckett
|
0-0: Foul Ball, location: 2F 0-1: Foul Ball, location: 2F 0-2: Strikes out looking
|
Batting: LHB Frank Vázquez
|
0-0: Called Strike 0-1: Swinging Strike 0-2: Ball 1-2: SINGLE (Flyball, 8RM) Wally Harris to third Jeff Thompson to second Runner from 3rd tries for Home, SAFE, throw made at trailing runner, OUT at third!
|
Top of the 8th over - 2 run(s), 4 hit(s), 0 error(s), 1 left on base; Clemson 2 - Oregon 1 |
BOTTOM OF THE 8TH |
Oregon Ducks batting - Pitching for Clemson Tigers : LHP Kevin Webb
|
Pitching: LHP Jorge Gatán
|
|
Now at C: Blair Endacott
|
|
Batting: RHB Nate Trevino
|
0-0: Called Strike 0-1: Ball 1-1: Foul Ball, location: 2F 1-2: Foul Ball, location: 2F 1-2: Strikes out swinging
|
Batting: RHB Bob Levinson
|
0-0: Ground out 5-3 (Groundball, 5)
|
Batting: RHB Raúl González
|
0-0: Called Strike 0-1: Ball 1-1: Called Strike 1-2: Ball 2-2: Foul Ball, location: 2F 2-2: Ball 3-2: Foul Ball, location: 2F 3-2: Base on Balls
|
Batting: LHB Justin McCoy
|
0-0: Called Strike 0-1: 2-RUN HOME RUN (Line Drive, 9D), Distance : 363 ft
|
Batting: LHB Bill Stephenson
|
0-0: Ball 1-0: Fly out, F6 (Popup, 4MD)
|
Bottom of the 8th over - 2 run(s), 1 hit(s), 0 error(s), 0 left on base; Clemson 2 - Oregon 3 |
TOP OF THE 9TH |
Clemson Tigers batting - Pitching for Oregon Ducks : LHP Kevin Oliver
|
Pitching: RHP Ronnie Johnston
|
|
Batting: RHB Julián García
|
0-0: SINGLE (Groundball, 6MD)
|
Batting: RHB James Taylor
|
0-0: Sac Bunt - play at first, batter OUT! 5-4 Julián García to second
|
Batting: LHB Aaron Thompson
|
0-0: Ball 1-0: Called Strike 1-1: Ball 2-1: Ball 3-1: Base on Balls
|
Batting: RHB Wayne Scott
|
0-0: Ball 1-0: Called Strike 1-1: Ball 2-1: SINGLE (Flyball, 9LM) Julián García to third Aaron Thompson to second
|
Batting: SHB Kenneth Cruz
|
0-0: Called Strike 0-1: Swinging Strike 0-2: Grounds into fielders choice 5-2 (Groundball, 5S) Aaron Thompson to third Wayne Scott to second
|
Batting: LHB Wally Harris
|
0-0: Called Strike 0-1: Foul Ball, location: 2F 0-2: Strikes out swinging
|
Top of the 9th over - 0 run(s), 2 hit(s), 0 error(s), 3 left on base; Clemson 2 - Oregon 3 |
|